 Dungeon Crawl Stone Soup version 0.31-a0-150-g89dc3ad700 (webtiles) character file.

Game seed: 14871731510341174789

1612 qw the Skirmisher (level 8, -7/74 HPs)
             Began as a Minotaur Hunter on June 8, 2023.
             Was an Initiate of Okawaru.
             Mangled by a komodo dragon (17 damage)
             ... on level 1 of the Lair of Beasts.
             The game lasted 00:02:12 (6570 turns).

qw the Skirmisher (Minotaur Hunter)                 Turns: 6570, Time: 00:02:13

Health: -7/74      AC:  3    Str: 12    XL:     8   Next: 63%
Magic:  7/7        EV: 14    Int:  8    God:    Okawaru [......]
Gold:   288        SH:  0    Dex: 16    Spells: 7/7 levels left

rFire   . . .        Y - -3 longbow (drain)
rCold   + + +        (shield currently unavailable)
rNeg    . . .        e - +1 robe "Genon" {rPois rC+++ Str-4 Int+2}
rPois   +            (helmet restricted)
rElec   .            (no cloak)
rCorr   .            (no gloves)
SInv    +            (no boots)
Will    .....        (no amulet)
Stlth   ++           a - ring of see invisible
HPRegen 0.32/turn    (no ring)
MPRegen 0.10/turn

%: no passive effects
@: no status effects
A: horns 2, retaliatory headbutt
a: Renounce Religion


You were on level 1 of the Lair of Beasts.
You worshipped Okawaru.
Okawaru was noncommittal.
You visited 3 branches of the dungeon, and saw 10 of its levels.

You collected 375 gold pieces.
You spent 87 gold pieces at shops.


Innate Abilities, Weirdness & Mutations

You have a pair of horns on your head.
You reflexively headbutt those who attack you in melee.


   Skills:
 - Level 8.0 Fighting
 + Level 10.0 Ranged Weapons
 - Level 1.4 Armour
 - Level 4.1 Dodging
 - Level 0.7 Stealth


You had 7 spell levels left.
You didn't know any spells.
Your spell library was empty.

Inventory:

Hand Weapons
 Y - a -3 longbow of draining (weapon)
Armour
 e - the +1 robe "Genon" (worn) {rPois rC+++ Str-4 Int+2}
   (You found it on level 2 of the Dungeon)

   Str:       It affects your strength (-4).
   Int:       It affects your intelligence (+2).
   rC:        It renders you almost immune to cold.
   rPois:     It protects you from poison.
 h - a +0 ring mail of poison resistance
Jewellery
 a - a ring of see invisible (left hand)
 b - a ring of poison resistance
Scrolls
 c - 2 scrolls of identify
 f - a scroll of poison {unknown}
 k - a scroll of fog {unknown}
Potions
 d - a potion of might
 g - 2 potions of haste
 i - 2 potions of curing
 j - 2 potions of cancellation {unknown}

Dungeon Overview and Level Annotations

Branches:
Dungeon (8/15)             Temple (1/1) D:4            Lair (1/5) D:8

Altars:
Ashenzari
Dithmenos
Elyvilon
Fedhas
Gozag
Hepliaklqana
Makhleb
Nemelex Xobeh
Okawaru
Qazlal
Ru
Sif Muna
Trog
Uskayaw
Vehumet
Wu Jian
Xom
Yredelemnul
Zin
The Shining One

Shops:
D:2 *   D:5 *   D:6 :

Annotations:
D:7 Gastronok


Message History

You kill the bullfrog!
Okawaru accepts your kill.
A komodo dragon comes into view.
You see here a bullfrog corpse.
You shoot an arrow. The arrow hits the komodo dragon!
The komodo dragon is lightly wounded.
A komodo dragon comes into view.
You shoot an arrow. The komodo dragon hisses angrily.
The arrow hits the komodo dragon!
You drain the komodo dragon.
The komodo dragon is heavily wounded.
You shoot an arrow.
The arrow barely misses the komodo dragon.
You shoot an arrow. The arrow hits the komodo dragon!
The komodo dragon is severely wounded.
You shoot an arrow.
The arrow hits the komodo dragon but does no damage.
You drain the komodo dragon.
The komodo dragon is severely wounded.
The komodo dragon barely misses you. You furiously retaliate!
You headbutt the komodo dragon! You shoot an arrow.
The arrow barely misses the komodo dragon.
The arrow hits the komodo dragon.
You drain the komodo dragon.
The komodo dragon is lightly wounded.
The komodo dragon bites you!!
You shoot an arrow. The arrow hits the komodo dragon.
You kill the komodo dragon!
Okawaru is honoured by your kill. The komodo dragon bites you!!
Your Fighting skill gained 2 levels and is now at level 8!
You shoot an arrow. The arrow hits the komodo dragon.
The komodo dragon is lightly wounded.
The komodo dragon bites you!
You shoot an arrow.
The arrow hits the komodo dragon but does no damage.
You drain the komodo dragon.
The komodo dragon is moderately wounded.
The komodo dragon barely misses you. The komodo dragon bites you!
You die...

#.......<.
#.########..#######
#........(.##
#.#####.##..# #. ####.##
#. ##.# ##.## #..###
##.##.l.#######..P#####
......%@................
.........#####.#####....
.........# #..# ...
........## ##.P .
........# #..# ........#
#.## ........# #.#
#.##.P### ###


You could see a komodo dragon (drained).

Vanquished Creatures
  A komodo dragon (Lair:1)
  A water moccasin (D:7)
  3 centaurs
  4 bullfrogs
  2 scorpions
  A jelly (D:6)
  3 hounds
  A gnoll bouda (D:6)
  2 orc priests (D:3)
  3 iguanas
  2 sleepcaps
  2 orc wizards (D:6)
  6 adders
  3 gnolls (D:6)
  A shadow imp (D:5)
  3 white imps
  An ufetubus (D:4)
  A worm (D:3)
  2 dart slugs
  26 orcs
  8 ball pythons
  7 bats
  6 endoplasms
  2 giant cockroaches
  9 goblins
  8 hobgoblins
  5 jackals
  8 kobolds
  3 quokkas
  2 frilled lizards
  2 rats
128 creatures vanquished.

Vanquished Creatures (others)
  An orc wizard (D:7)
1 creature vanquished.

Grand Total: 129 creatures vanquished

Notes
Turn   | Place    | Note
-------+----------+-------------------------------------------
     0 | D:1      | qw the Minotaur Hunter began the quest for the Orb.
     0 | D:1      | Reached XP level 1. HP: 18/18 MP: 0/0
     0 | D:1      | 0 ||| qw: Version: 0.2-a-120-gdf1a93b
     0 | D:1      | 0 ||| qw: Game counter: 2985
     0 | D:1      | 0 ||| qw: Always use a shield: true
     0 | D:1      | 0 ||| qw: God list: Okawaru
     0 | D:1      | 0 ||| qw: Allow faded altars: false
     0 | D:1      | 0 ||| qw: Do Orc after D:15 true
     0 | D:1      | 0 ||| qw: Do second Lair branch before Depths: true
     0 | D:1      | 0 ||| qw: Lair rune preference: random
     0 | D:1      | 0 ||| qw: Plans: Normal
     0 | D:1      | 0 ||| PLANNING D:1-11
   128 | D:1      | Reached XP level 2. HP: 25/25 MP: 1/1
   170 | D:1      | Reached skill level 5 in Ranged Weapons
   176 | D:1      | Found a faded altar of an unknown god.
   325 | D:1      | Reached skill level 3 in Fighting
   471 | D:1      | Reached XP level 3. HP: 31/31 MP: 2/2
   788 | D:1      | 788 ||| UPGRADING to +0 ring mail.
   798 | D:1      | 798 ||| DROPPING +0 leather armour.
   799 | D:1      | 799 ||| READING scroll labelled DOFU ENUMOPYTT.
   800 | D:1      | 800 ||| READING scroll labelled CIEGAG CACYWOI.
   801 | D:1      | 801 ||| READING scroll labelled VYUMU NINERU.
   802 | D:1      | 802 ||| DROPPING scroll of butterflies.
   888 | D:2      | Reached skill level 1 in Armour
  1139 | D:2      | Identified the +1 robe "Genon" {rPois rC+++ Str-4 Int+2}
  1337 | D:2      | Found Babahur's Assorted Antiques.
  1343 | D:2      | 1343 ||| SHOPLISTING cloak (99 gold, have 98).
  1343 | D:2      | 1343 ||| BUYING scroll labelled OTWYUPRIAZO (22 gold).
  1343 | D:2      | Bought a scroll labelled OTWYUPRIAZO for 22 gold pieces
  1343 | D:2      | 1343 ||| BUYING scroll labelled QEHULI JEHUCH (22 gold).
  1343 | D:2      | Bought a scroll labelled QEHULI JEHUCH for 22 gold pieces
  1343 | D:2      | 1343 ||| BUYING scroll labelled YBAILU OZIUTWA (22 gold).
  1343 | D:2      | Bought a scroll labelled YBAILU OZIUTWA for 22 gold pieces
  1343 | D:2      | 1343 ||| BUYING viscous red potion (19 gold).
  1343 | D:2      | Bought a viscous red potion for 19 gold pieces
  1415 | D:2      | Reached XP level 4. HP: 38/38 MP: 3/3
  1573 | D:2      | 1573 ||| UPGRADING to +1 robe "Genon" {rPois rC+++ Str-4
                  | Int+2}.
  1583 | D:2      | 1583 ||| READING scroll labelled OTWYUPRIAZO.
  1584 | D:2      | 1584 ||| READING scroll labelled QEHULI JEHUCH.
  1585 | D:2      | 1585 ||| READING scroll labelled YBAILU OZIUTWA.
  1813 | D:3      | 1813 ||| FLEEEEING.
  1880 | D:3      | Found a glowing golden altar of the Shining One.
  1929 | D:3      | Reached skill level 6 in Ranged Weapons
  2351 | D:3      | Reached XP level 5. HP: 33/46 MP: 4/4
  2351 | D:3      | 2351 ||| FLEEEEING.
  2352 | D:3      | 2352 ||| FLEEEEING.
  2353 | D:3      | 2353 ||| FLEEEEING.
  2354 | D:3      | 2354 ||| FLEEEEING.
  2355 | D:3      | 2355 ||| FLEEEEING.
  2356 | D:3      | 2356 ||| FLEEEEING.
  2357 | D:3      | 2357 ||| FLEEEEING.
  2358 | D:3      | 2358 ||| FLEEEEING.
  2360 | D:3      | 2360 ||| FLEEEEING.
  2361 | D:3      | 2361 ||| FLEEEEING.
  2362 | D:3      | 2362 ||| FLEEEEING.
  2363 | D:3      | 2363 ||| FLEEEEING.
  2364 | D:3      | 2364 ||| FLEEEEING.
  2365 | D:3      | 2365 ||| FLEEEEING.
  2366 | D:3      | 2366 ||| FLEEEEING.
  2368 | D:3      | 2368 ||| FLEEEEING.
  2369 | D:3      | 2369 ||| FLEEEEING.
  2370 | D:3      | 2370 ||| STAIRDANCE
  2398 | D:2      | 2398 ||| READING scroll labelled GAAREU YRUHA.
  2401 | D:3      | 2401 ||| STAIRDANCE
  2550 | D:3      | 2550 ||| DROPPING +0 ring mail.
  2581 | D:4      | Found a staircase to the Ecumenical Temple.
  2582 | D:4      | 2582 ||| PLANNING TEMPLE
  2593 | Temple   | Entered the Ecumenical Temple
  2761 | Temple   | 2761 ||| PLANNING D:1-11
  3176 | D:4      | Reached skill level 7 in Ranged Weapons
  3456 | D:4      | Reached XP level 6. HP: 52/52 MP: 5/5
  3490 | D:4      | 3490 ||| READING scroll of enchant weapon.
  3490 | D:4      | 3490 ||| ENCHANTING +1 shortbow of freezing.
  3583 | D:4      | Reached skill level 3 in Dodging
  3629 | D:4      | 3629 ||| READING 2 scrolls labelled IPSUNYCLUH.
  3630 | D:4      | 3630 ||| READING scroll labelled SOIDUC UXYAX.
  3631 | D:4      | 3631 ||| DRINKING 3 bubbling sapphire potions.
  3632 | D:4      | 3632 ||| DRINKING 2 fizzy cyan potions.
  3633 | D:4      | 3633 ||| READING 3 scrolls of identify.
  3633 | D:4      | 3633 ||| IDENTIFYING sapphire potion
  3634 | D:4      | 3634 ||| READING 2 scrolls of identify.
  3634 | D:4      | 3634 ||| IDENTIFYING fuming blue potion
  3635 | D:4      | 3635 ||| DROPPING potion of invisibility.
  3636 | D:4      | 3636 ||| DROPPING scroll of noise.
  3637 | D:4      | 3637 ||| DROPPING potion of brilliance.
  3669 | D:5      | Entered Level 5 of the Dungeon
  3933 | D:5      | Found Tuqirchog's Lightly-Used Armoury.
  3953 | D:5      | 3953 ||| BUYING -2 hand crossbow (1 gold).
  3953 | D:5      | Bought a -2 hand crossbow for 1 gold piece
  3953 | D:5      | 3953 ||| BUYING -3 longbow (1 gold).
  3953 | D:5      | Bought a -3 longbow for 1 gold piece
  3953 | D:5      | 3953 ||| SWAPPING to -3 longbow.
  3954 | D:5      | 3954 ||| DROPPING -2 hand crossbow.
  3955 | D:5      | 3955 ||| DROPPING +2 shortbow of freezing.
  3987 | D:5      | You fall into a shaft and drop 3 floors!
  4054 | D:8      | Found a staircase to the Lair.
  4068 | D:8      | 4068 ||| DRINKING 2 viscous red potions.
  4069 | D:8      | 4069 ||| READING 2 scrolls of identify.
  4069 | D:8      | 4069 ||| IDENTIFYING purple potion
  4070 | D:8      | 4070 ||| DROPPING potion of degeneration.
  4072 | D:8      | 4072 ||| FLEEEEING.
  4073 | D:8      | 4073 ||| FLEEEEING.
  4073 | D:8      | Noticed Gastronok
  4074 | D:8      | 4074 ||| STAIRDANCE
  4089 | D:7      | HP: 13/52 [something/magic dart (7)]
  4090 | D:7      | HP: 5/52 [something/magic dart (9)]
  4090 | D:7      | HP: 1/52 [something (4)]
  4091 | D:7      | 4091 ||| DRINKING 2 potions of heal wounds.
  4095 | D:7      | 4095 ||| DRINKING potion of heal wounds.
  4267 | D:7      | Noticed a water moccasin
  4272 | D:7      | Reached skill level 8 in Ranged Weapons
  4278 | D:7      | Killed a water moccasin
  4279 | D:7      | Reached XP level 7. HP: 28/61 MP: 6/6
  4404 | D:7      | 4404 ||| UPGRADING to ring of see invisible.
  4405 | D:7      | 4405 ||| READING scroll labelled NIDYIB ELOV.
  4408 | D:7      | 4408 ||| READING 2 scrolls of identify.
  4408 | D:7      | 4408 ||| IDENTIFYING metallic inky potion
  4409 | D:7      | 4409 ||| DROPPING potion of attraction.
  4518 | D:6      | Found Tiduim's Book Shoppe.
  4985 | D:6      | Found a hide-covered altar of Uskayaw.
  4998 | D:6      | Reached skill level 9 in Ranged Weapons
  5057 | D:6      | Found a white marble altar of Elyvilon.
  5059 | D:6      | 5059 ||| FLEEEEING.
  5060 | D:6      | 5060 ||| FLEEEEING.
  5139 | D:5      | 5139 ||| READING 2 scrolls of brand weapon.
  5139 | D:5      | 5139 ||| BRANDING -3 longbow.
  5140 | D:5      | 5140 ||| READING scroll of brand weapon.
  5140 | D:5      | 5140 ||| BRANDING -3 longbow of electrocution.
  5304 | D:5      | Reached skill level 6 in Fighting
  5307 | D:5      | Reached XP level 8. HP: 58/70 MP: 7/7
  5686 | D:5      | 5686 ||| READING scroll labelled XOL DEUFOH.
  5687 | D:5      | 5687 ||| DRINKING 2 green potions.
  5688 | D:5      | 5688 ||| READING 2 scrolls of identify.
  5688 | D:5      | 5688 ||| IDENTIFYING viscous orange potion
  5689 | D:5      | 5689 ||| DROPPING potion of berserk rage.
  5813 | D:6      | 5813 ||| Stepping ~*~*~tactically~*~*~ (outnumbered).
  5823 | D:6      | Reached skill level 10 in Ranged Weapons
  5824 | D:6      | 5824 ||| FLEEEEING.
  6079 | D:6      | Found an iron altar of Okawaru.
  6080 | D:6      | 6080 ||| PLANNING OKAWARU WORSHIP
  6088 | D:6      | Became a worshipper of Warmaster Okawaru
  6088 | D:6      | 6088 ||| PLANNING D:1-11
  6273 | D:6      | 6273 ||| PLANNING LAIR
  6381 | D:8      | 6381 ||| STAIRDANCE
  6386 | D:7      | HP: 10/70 [Gastronok (15)]
  6387 | D:7      | 6387 ||| READING scroll of teleportation.
  6388 | D:7      | 6388 ||| DRINKING potion of heal wounds.
  6495 | Lair:1   | Entered Level 1 of the Lair of Beasts
  6561 | Lair:1   | Noticed a komodo dragon
  6562 | Lair:1   | Noticed a komodo dragon
  6568 | Lair:1   | Killed a komodo dragon
  6569 | Lair:1   | HP: 10/74 [komodo dragon (14)]
  6570 | Lair:1   | Mangled by a komodo dragon

Levels and vault maps discovered:
D:1:      dpeg_arrival_connections, layout_basic, basic_ecumenical_altar
D:2:      layout_basic, serial_shops, shop
D:3:      layout_basic, nicolae_tso_swordbearing_angel, nicolae_titane
D:4:      layout_gridville, minmay_temple_entry_antechambers
D:5:      layout_loops_corners, minmay_shop_damaged, dk_vineyard_3,
          palyth_stone_intersect, grunt_ministairs_3, minmay_manual_mares
D:6:      layout_basic, general_overflow_altar,
          mainiacjoe_overflow_catch_the_wave, serial_shops, shop
D:7:      layout_cave_pools, overflow_temple_1_default, feat_on_display
D:8:      lemuel_insect_pit, layout_loops_ring, slow_altar_2, lair_entry_dummy,
          minivault_21, amcnicky_mini_pool_small, uniq_gastronok
Temple:   nicolae_temple_slightly_damp_pantheon
Lair:1:   layout_small_grid

Skill      XL: |  1  2  3  4  5  6  7  8 |
---------------+-------------------------+-----
Ranged Weapons | 5 6 7 8 9 10 | 10.0
Fighting       | 3 4 5 6 8 |  8.0
Armour         | 1 |  1.4
Dodging        | 3 4 |  4.1
Stealth        | |  0.7

Action                     |  1- 3 |  4- 6 |  7- 9 || total
---------------------------+-------+-------+-------++-------
   Fire: Shortbow          |    98 |   135 |       ||   233
         Longbow           |       |    38 |   139 ||   177
    Use: Scroll            |     3 |    10 |     7 ||    20
         Potion            |       |     5 |     2 ||     7
 Armour: Ring mail         |     4 |       |       ||     4
         Robe              |       |    16 |     5 ||    21
  Dodge: Dodged            |    10 |    39 |    57 ||   106

Table legend:
 A = Non-vault XP
 B = Vault XP
 C = Vault XP percentage of total XP
 D = Non-vault monster count
 E = Vault monster count
 F = Vault count percentage of total count
                 A         B        C        D         E       F
            +---------+---------+-------+---------+---------+-------
      Total |    2065 |     238 |  10.3 |     123 |       6 |   4.7
            +---------+---------+-------+---------+---------+-------
        D:1 |      44 |       0 |   0.0 |      22 |       0 |   0.0
        D:2 |      60 |       0 |   0.0 |      21 |       0 |   0.0
        D:3 |     116 |       0 |   0.0 |      18 |       0 |   0.0
        D:4 |     202 |       0 |   0.0 |      20 |       0 |   0.0
        D:5 |     174 |     238 |  57.8 |       7 |       6 |  46.2
        D:6 |     513 |       0 |   0.0 |      24 |       0 |   0.0
        D:7 |     411 |       0 |   0.0 |       8 |       0 |   0.0
        D:8 |      90 |       0 |   0.0 |       1 |       0 |   0.0
     Lair:1 |     455 |       0 |   0.0 |       2 |       0 |   0.0
            +---------+---------+-------+---------+---------+-------
